 Dungeon Crawl Stone Soup version 0.22-a0-348-gd16d139 (webtiles) character file.

162 BaronVonScrub the Shield-Bearer (level 5, 0/41 HPs)
             Began as a Demonspawn Fighter on Apr 7, 2018.
             Slain by an orc warrior
             ... wielding a +0 glaive
              (9 damage)
             ... on level 3 of the Dungeon.
             The game lasted 00:07:42 (1326 turns).

BaronVonScrub the Shield-Bearer (DsFi)              Turns: 1326, Time: 00:07:43

Health: 0/41       AC:  8    Str: 17    XL:     5   Next: 19%
Magic:  5/5        EV:  7    Int: 10    God:
Gold:   77         SH: 11    Dex: 12    Spells: 4/4 levels left

rFire    . . .     SeeInvis .   a - +0 war axe
rCold    . . .     Gourm    .   i - +2 shield
rNeg     . . .     Faith    .   b - +0 scale mail
rPois    .         Spirit   .   (no helmet)
rElec    .         Reflect  .   (no cloak)
rCorr    .         Harm     .   (no gloves)
MR       .....                  (no boots)
Stlth    ..........             (no amulet)
HPRegen  0.13/turn              g - ring of flight
MPRegen  0.09/turn              (no ring)

@: no status effects
A: hooves 1, molten scales 1, spiny 1
a: Evoke Flight


You were on level 3 of the Dungeon.
You were not hungry.

You visited 1 branch of the dungeon, and saw 3 of its levels.

You collected 77 gold pieces.

Inventory:

Hand Weapons
 a - a +0 war axe (weapon)
Armour
 b - a +0 scale mail (worn)
 c - a +1 shield
 i - a +2 shield (worn)
Jewellery
 g - a ring of flight (left hand)
Comestibles
 f - 2 rations


   Skills:
 + Level 3.4 Fighting
 + Level 3.3 Axes
 + Level 3.4 Armour
 + Level 3.5 Shields


You had 4 spell levels left.
You didn't know any spells.

Dungeon Overview and Level Annotations

Branches:
Dungeon (3/15)

Altars:


Innate Abilities, Weirdness & Mutations

You have large cloven feet.
You are partially covered in molten scales. (AC +2)
You are partially covered in sharp spines.


Message History

You hit the orc warrior.
The orc warrior is moderately wounded.
The orc priest calls upon Beogh to heal the orc warrior.
The orc warrior's wounds heal themselves!
The orc warrior barely misses you.
An orc comes into view.
The orc shouts!
You barely miss the orc warrior.
You kick the orc warrior, but do no damage.
You block the orc warrior's attack.
Your shield prevents you from hitting the orc warrior.
The orc warrior hits you with a glaive!!
Ouch! That really hurt!
You closely miss the orc warrior. The orc warrior hits you with a glaive.
* * * LOW HITPOINT WARNING * * *
Okay, then.
You closely miss the orc warrior.
You kick the orc warrior, but do no damage.
The orc warrior hits you with a glaive!
You die...

#.# ... .#.#.##
... .'..... #o#
#..... #o#
#..... #o#
#..... #o#
#..... #@#
#..... #)#
##### #(....
#.# #...#
#.####
#.####...####.#
#
#....'........#
#
######.....####
# #.....# #
#...#########
##### #))))).


You could see an orc warrior, an orc priest and 2 orcs.

Vanquished Creatures
  A centaur zombie (D:3)
  Robin (D:3)
  4 gnolls (D:3)
  An adder (D:2)
  An ooze (D:1)
  2 worms
  3 dart slugs
  2 leopard geckos
  2 ball pythons
  15 goblins
  7 hobgoblins
  2 quokkas (D:3)
  4 bats
  A frilled lizard (D:1)
  3 kobolds (D:1)
  5 rats
54 creatures vanquished.

Vanquished Creatures (others)
  A giant cockroach (D:3)
1 creature vanquished.

Grand Total: 55 creatures vanquished

Notes
Turn   | Place    | Note
-------+----------+-------------------------------------------
     0 | D:1      | BaronVonScrub the Demonspawn Fighter began the quest for the Orb.
     0 | D:1      | Reached XP level 1. HP: 18/18 MP: 1/1
   130 | D:1      | Gained mutation: You have large cloven feet. [demonic ancestry]
   130 | D:1      | Reached XP level 2. HP: 24/24 MP: 2/2
   473 | D:1      | Gained mutation: You are partially covered in sharp spines. [demonic ancestry]
   473 | D:1      | Reached XP level 3. HP: 29/29 MP: 3/3
   980 | D:3      | Noticed Robin
  1019 | D:3      | Gained mutation: You are partially covered in molten scales. (AC +2) [demonic ancestry]
  1019 | D:3      | Reached XP level 4. HP: 28/35 MP: 4/4
  1248 | D:3      | Reached XP level 5. HP: 37/41 MP: 5/5
  1256 | D:3      | Killed Robin
  1317 | D:3      | Noticed an orc warrior
  1326 | D:3      | Slain by an orc warrior

Vault maps used:
D:1:      giann_horns
D:2:      ashenzari_altar_1
D:3:      grunt_qazlal_clouds, first_ration, uniq_robin

Skill      XL: |  1  2  3  4 |
---------------+-------------+-----
Shields        | 3 |  3.5
Axes           | 2 3 |  3.3
Armour         | 3 |  3.4
Fighting       | |  3.4

Action                   |  1- 3 |  4- 6 || total
-------------------------+-------+-------++-------
Melee: War axe           |    76 |    39 ||   115
       Kick              |    14 |    15 ||    29
  Use: Scroll            |     3 |     1 ||     4
       Potion            |     5 |     2 ||     7
  Eat: Ration            |       |     1 ||     1
Armor: Scale mail        |    36 |    16 ||    52
Dodge: Dodged            |    22 |    10 ||    32
Block: Shield            |    46 |    31 ||    77

Table legend:
 A = Spawn XP
 B = Non-spawn XP
 C = Spawn XP percentage of total XP
 D = Spawn monster count
 E = Non-spawn monster count
 F = Spawn count percentage of total count
 G = Total turns spent on level
                    A         B        C        D         E        F      G
               +---------+---------+-------+---------+---------+-------+---------
         Total |       0 |     232 |   0.0 |       0 |      54 |   0.0 |  1326
               +---------+---------+-------+---------+---------+-------+---------
           D:1 |       0 |      45 |   0.0 |       0 |      21 |   0.0 |   652
           D:2 |       0 |      20 |   0.0 |       0 |       4 |   0.0 |   176
           D:3 |       0 |     167 |   0.0 |       0 |      29 |   0.0 |   498
               +---------+---------+-------+---------+---------+-------+---------
